AoeStats
← Edzongi

Arena

509590726Analyzed
2v2 RM · 5d ago on Sep 27, 2026· 46m 40s· 4 players
Game mode
Random Map
Map size
Medium (4 player)
Population
200
Speed
Normal
Resources
Standard
Victory
Conquest
Starting age
Dark Age
Ending age
Imperial Age
RankedLock teamsTeams togetherTeam positionsShared explorationLock speedFull tech treeHidden civsTurbo modeCheats
Victory
Defeat
🇷🇺 Saracens · Russia
479
+17
🇧🇬 Chinese · Bulgaria
471
+17
🇮🇳 Hindustanis · India
554
-19
🇳🇱 Magyars · Netherlands
449
-15
Lyuboslav1
0:36 Loom
11:40 Feudal Age
14:27 Forging
14:18 Scale Mail Armor
15:12 Arson
15:49 Man-at-Arms
22:29 Horse Collar
22:46 Double-Bit Axe
28:02 Gold Mining
28:03 Stone Mining
31:00 Castle Age
30:05 Scale Barding Armor
38:19 Long Swordsman
38:48 Gambesons
39:04 Squires
aleksbg02
1:00 Loom
11:59 Feudal Age
13:51 Wheelbarrow
12:47 Man-at-Arms
13:18 Arson
15:27 Scale Mail Armor
16:38 Forging
17:37 Horse Collar
24:43 Castle Age
23:23 Double-Bit Axe
24:00 Stone Mining
24:01 Gold Mining
25:25 Heavy Plow
25:40 Bow Saw
24:56 Long Swordsman
25:37 Squires
25:11 Elite Skirmisher
26:23 Chain Mail Armor
29:52 Iron Casting
35:23 Imperial Age
36:46 Hand Cart
37:42 Two-Handed Swordsman
39:27 Blast Furnace
38:58 Plate Mail Armor
43:20 Conscription
42:35 Champion
44:03 Gold Shaft Mining
43:56 Capped Ram
45:07 Pikeman
bmo
Edzongi
1:13 Loom
13:17 Feudal Age
14:39 Wheelbarrow
16:22 Double-Bit Axe
16:20 Horse Collar
16:08 Man-at-Arms
20:01 Stone Mining
20:02 Gold Mining
22:57 Town Watch
27:37 Castle Age
25:46 Arson
26:52 Scale Mail Armor
26:58 Scale Barding Armor
26:54 Padded Archer Armor
26:44 Fletching
29:54 Bow Saw
30:10 Hand Cart
30:50 Gold Shaft Mining
32:01 Long Swordsman
32:02 Pikeman
39:30 Town Patrol
43:13 Heavy Plow
43:03 Treadmill Crane
43:34 Masonry
47:11 Imperial Age
45:21 Thumb Ring
44:37 Crossbowman
Connection lost

Rejoining the realm…

Still unreachable

The connection could not be restored.

Session expired

The server has moved on; the page needs a fresh start.